 Dungeon Crawl Stone Soup version 0.18.1-50-g88ac8fd (webtiles) character file.

378 theElss the Conjurer (level 6, -2/41 HPs)
             Began as a High Elf Conjurer on Sept 23, 2016.
             Slain by Purgy (4 damage)
             ... on level 4 of the Dungeon.
             The game lasted 00:14:27 (4550 turns).

theElss the Conjurer (High Elf Conjurer)            Turns: 4550, Time: 00:14:27

Health: -2/41      AC:  3    Str: 13    XL:     6   Next: 45%
Magic:  2/14       EV: 13    Int: 22    God:
Gold:   143        SH:  2    Dex: 15    Spells: 4 memorised, 2 levels left

rFire  . . .     SeeInvis .     l - -1 spear
rCold  . . .     Gourm    .     a - +0 robe
rNeg   . . .     Faith    .     (no shield)
rPois  .         Spirit   .     (no helmet)
rElec  .         Dismiss  .     (no cloak)
rCorr  .         Reflect  +     x - +0 pair of gloves
SustAt .         Harm     .     (no boots)
MR     .....                    j - +2 amulet of reflection
Stlth  +.........               (no ring)
                                n - +6 ring of strength

@: not resistant to hostile enchantments, very unstealthy
A: no striking features
a: no special abilities


You were on level 4 of the Dungeon.
You were not hungry.

You visited 1 branch of the dungeon, and saw 4 of its levels.
You also visited: Sewer.

You collected 143 gold pieces.

Inventory:

Hand Weapons
 l - a -1 spear (weapon)
Armour
 a - a +0 robe (worn)
 x - a +0 pair of gloves (worn)
Jewellery
 j - a +2 amulet of reflection (around neck)
 n - a +6 ring of strength (left hand)
Scrolls
 d - 4 scrolls of remove curse
 g - a scroll of immolation {unknown}
 i - 4 scrolls of identify {unknown}
 k - a scroll of fear {unknown}
 m - a scroll of magic mapping {unknown}
 p - a scroll of enchant armour {unknown}
 v - a scroll of teleportation {unknown}
 y - a scroll of blinking {unknown}
Potions
 e - 3 potions of heal wounds {unknown}
 f - 2 potions of curing {unknown}
 h - 2 potions of brilliance {unknown}
 o - 2 potions of haste
 s - a potion of invisibility {unknown}
 t - a potion of magic {unknown}
 w - a potion of lignification {unknown}
 z - 2 potions of flight {unknown}
 A - a potion of agility {unknown}
Books
 b - a book of Conjurations

   Spells                             Type                      Level
   a - Magic Dart                     Conjuration                  1
   b - Searing Ray                    Conjuration                  2
   c - Dazzling Spray                 Conjuration/Hexes            3
   d - Fulminant Prism                Conjuration/Hexes            4
   e - Iskenderun's Mystic Blast      Conjuration                  4
   f - Iskenderun's Battlesphere      Conjuration/Charms           5
 q - a book of Envenomations

   Spells                             Type                      Level
   a - Spider Form                    Transmutation/Poison         3
   b - Olgreb's Toxic Radiance        Poison                       4
   c - Alistair's Intoxication        Transmutation/Poison         5
   d - Poisonous Cloud                Conjuration/Poison/Air       6
Comestibles
 c - a bread ration
 r - 2 chunks of flesh
 u - 2 fruits


   Skills:
 * Level 2.7 Fighting
 + Level 2.6 Dodging
 - Level 2.1 Stealth
 + Level 4.8 Spellcasting
 + Level 6.4 Conjurations


You had 2 spell levels left.
You knew the following spells:

 Your Spells              Type           Power        Failure   Level  Hunger
a - Magic Dart            Conj           ####         1%          1    None
b - Iskenderun's Battles  Conj/Chrm      ###.....     85%         5    #####..
c - Searing Ray           Conj           ####..       1%          2    None
d - Iskenderun's Mystic   Conj           ####....     10%         4    ####...


Dungeon Overview and Level Annotations

Branches:
Dungeon (4/15)
 Temple: D:4-7

Altars:
Okawaru
Trog

Annotations:
D:4 Purgy


Message History

* * * LOW HITPOINT WARNING * * *
Welcome back to the Dungeon! x2
There is a collapsed entrance here.
You see here a giant cockroach corpse.
Read which item? (? for menu, Esc to quit)
As you read the scroll labeled SOPLYRPHAYPT, it crumbles to dust.
You feel as if something is helping you.
It was a scroll of remove curse.
Purgy bites you.
* * * LOW HITPOINT WARNING * * *
Purgy claws you.
* * * LOW HITPOINT WARNING * * *
Purgy claws you.
* * * LOW HITPOINT WARNING * * *
Unknown command.
You enter the shallow water.
Moving in this stuff is going to be slow.
Purgy barely misses you. Purgy claws you but does no damage.
Purgy barely misses you. Purgy barely misses you. Purgy claws you.
You die...

#...# #≈≈≈# #≈≈≈# #≈≈≈#
#≈≈≈# #≈†≈# #≈≈≈# #≈T≈#
#≈@≈# #≈≈≈# #...####
#.....#.#...####.
+.....+..........
#......##$..########<...
#..###+ ##............#.
#.# ##...........#. ##
##..........#.


You could see Purgy.

Vanquished Creatures
  The ghost of Mungo the Caller, an amateur DESu (D:3)
  An orc priest (D:4)
  An orc wizard (D:4)
  An iguana (D:4)
  A worker ant (D:3)
  5 adders
  2 oozes (D:1)
  3 worms (D:2)
  2 dart slugs
  3 giant geckos
  11 orcs
  10 giant cockroaches
  9 goblins
  13 hobgoblins
  4 jackals (D:3)
  A quokka (D:3)
  8 bats
  5 giant newts
  3 kobolds
  7 rats
91 creatures vanquished.

Notes
Turn   | Place    | Note
--------------------------------------------------------------
     0 | D:1      | theElss the High Elf Conjurer began the quest for the Orb.
     0 | D:1      | Reached XP level 1. HP: 11/11 MP: 4/4
   155 | D:1      | Reached XP level 2. HP: 17/17 MP: 2/6
   197 | D:1      | Learned a level 2 spell: Searing Ray
   484 | D:1      | Reached skill level 5 in Conjurations
   810 | D:1      | Reached XP level 3. HP: 22/22 MP: 4/8
   866 | D:1      | Reached skill level 1 in Fighting
  1185 | D:2      | Noticed a moth of wrath
  1188 | D:2      | Found a bloodstained altar of Trog.
  1912 | D:2      | Found an iron altar of Okawaru.
  2392 | D:3      | Noticed Mungo's ghost (amateur DESu)
  2451 | D:3      | Reached XP level 4. HP: 28/28 MP: 6/9
  3391 | D:3      | Killed Mungo's ghost
  3391 | D:3      | Reached skill level 6 in Conjurations
  3391 | D:3      | Reached XP level 5. HP: 20/34 MP: 3/12
  4002 | D:4      | Learned a level 5 spell: Iskenderun's Battlesphere
  4007 | D:4      | Learned a level 4 spell: Iskenderun's Mystic Blast
  4016 | D:4      | Reached XP level 6. HP: 41/41 MP: 5/13
  4399 | D:4      | Found a glowing drain.
  4466 | Sewer    | Entered a sewer
  4529 | Sewer    | Noticed Purgy
  4547 | D:4      | HP: 1/41 [Purgy (3)]
  4550 | D:4      | Slain by Purgy

Skill      XL: |  1  2  3  4 |
---------------+-------------+-----
Conjurations   | 5 6 |  6.4
Fighting       | 1 2 |  2.7
Spellcasting   | 3 4 |  4.8
Dodging        | |  2.6
Stealth        | |  2.1

Action                   |  1- 3 |  4- 6 || total
-------------------------+-------+-------++-------
Melee: Spear             |     3 |     2 ||     5
 Cast: Magic Dart        |    83 |    97 ||   180
       Searing Ray       |     4 |    10 ||    14
       Iskenderun's Myst |       |     6 ||     6
  Use: Scroll            |       |     1 ||     1
  Eat: Chunk             |     4 |     8 ||    12
Armor: Robe              |     1 |     4 ||     5
Dodge: Dodged            |     6 |    35 ||    41
Block: Other             |       |     3 ||     3
